Map: Terrasses de Prion

Players

Ecphelion

  • Race: Zerg Zerg
  • League: Diamond

Senryakku - Winner!

  • Race: Terran Terran
  • League: Diamond

VOD

Have the link to the VOD?

Description

Time

  • Played on: Nov. 30, 2015, 3:15 p.m.
  • Length: 9:05
Show
View Real Time Build Order
Export as new Build Order

Ecphelion Zerg 

Build Orders: Hatch First 

Get SALT Encoding   

  12  0:03  Drone  
  13  0:14  Overlord  
  13  0:17  Drone  
  14  0:33  Drone  
  15  0:46  Hatchery  
  15  0:49  Drone  
  15  0:52  Drone  
  16  1:07  Spawning Pool  
  16  1:11  Drone  
  16  1:16  Drone  
  17  1:19  Drone  
  17  1:23  Drone  
  19  1:34  Drone  
  20  1:43  Drone  
  21  1:55  Overlord  
  21  1:58  Overlord  
  21  1:59  Queen  
  21  2:00  Queen  
  25  2:07  Spine Crawler  
  24  2:08  Zergling x2  
  24  2:15  Drone  
  26  2:19  Drone  
  26  2:20  Drone  
  28  2:28  Drone  
  29  2:36  Queen x2  
  33  2:42  Drone  
  33  2:43  Drone  
  35  2:55  Overlord  
  35  2:56  Overlord  
  35  2:59  Drone x2  
  36  3:12  Drone x7  
  43  3:19  Extractor  
  42  3:22  Extractor x3  
  42  3:24  Drone x2  
  42  3:26  Drone  
  42  3:28  Drone  
  43  3:39  Drone x2  
  45  3:53  Drone  
  45  3:54  Drone x5  
  51  3:59  Overlord x2  
  51  4:03  Lair  
  51  4:08  Roach Warren, Drone  
  51  4:23  Evolution Chamber  
  50  4:26  Evolution Chamber  
  49  4:32  Drone x3  
  49  4:33  Drone  
  53  4:38  Hatchery  
  53  4:45  Spore Crawler  
  51  4:49  Spore Crawler  
  51  4:50  Queen  
  43  5:26  Drone  
  43  5:27  Drone x2  
  43  5:30  Drone  
  43  5:31  Drone x2  
  43  5:32  Drone x3  
  47  5:36  Zerg Missile Weapons Level 1  
  47  5:37  Zerg Ground Armor Level 1  
  47  5:38  Drone  
  47  5:39  Drone x2  
  50  5:46  Overseer  
  50  6:10  Drone  
  51  6:15  Drone x2  
  51  6:16  Spore Crawler  
  52  6:30  Drone x10  
  52  6:32  Glial Reconstitution  
  62  6:41  Roach x3  
  61  6:58  Spore Crawler  
  61  7:00  Spore Crawler  
  57  7:03  Queen  
  57  7:05  Queen  
  56  7:15  Spore Crawler  
  56  7:20  Spore Crawler  
  54  7:24  Overlord x3  
  54  7:26  Roach x11  
  54  7:28  Overlord  
  74  7:33  Overlord  
  74  7:34  Overlord x2  
  74  7:39  Overlord  
  74  7:45  Overseer  
  74  7:51  Ravager x4  
  75  7:52  Ravager x2  
  61  8:17  Spore Crawler x2  
  54  8:24  Queen  
  54  8:25  Queen  
  57  8:38  Hatchery  
  57  8:40  Hydralisk Den  
  55  8:43  Drone  
  55  8:44  Drone x2  
Show
View Real Time Build Order
Export as new Build Order

Senryakku Terran - Winner!

Build Orders: Hellion Banshee 

Get SALT Encoding   

  12  0:01  SCV  
  13  0:13  SCV  
  14  0:18  Supply Depot  
  14  0:25  SCV  
  15  0:40  SCV  
  15  0:42  Barracks  
  16  0:52  SCV  
  17  1:04  SCV  
  18  1:16  SCV  
  19  1:29  Orbital Command, Marine  
  20  1:33  Command Center  
  20  1:41  Refinery  
  20  1:42  Refinery  
  20  1:47  Marine  
  20  1:50  Supply Depot  
  21  1:56  SCV  
  22  2:05  Marine  
  23  2:12  SCV  
  24  2:16  Bunker  
  24  2:24  SCV  
  24  2:26  Factory  
  25  2:35  Barracks Reactor  
  25  2:38  SCV  
  26  2:45  Orbital Command  
  26  2:50  SCV  
  27  3:03  SCV  
  28  3:15  SCV  
  29  3:21  Starport  
  29  3:22  Hellion x2  
  29  3:23  Starport  
  29  3:24  SCV  
  35  3:27  SCV  
  35  3:36  SCV  
  36  3:45  Hellion x2  
  40  3:51  SCV x2  
  42  3:58  Refinery x2  
  42  4:00  Starport Tech Lab x2  
  42  4:07  Supply Depot, Hellion x2  
  46  4:14  SCV x2  
  48  4:23  Cloaking Field  
  48  4:24  Banshee  
  48  4:26  Banshee  
  54  4:36  Hellion x2  
  58  4:40  SCV x2  
  58  4:45  Armory  
  60  5:11  SCV x2, Banshee  
  61  5:19  Banshee  
  54  5:31  SCV x2  
  54  5:33  Command Center  
  54  5:34  Hellbat x2  
  58  5:38  Terran Ship Weapons Level 1  
  58  5:49  Starport  
  58  5:50  Factory  
  58  5:52  SCV x2  
  58  5:55  Hellbat  
  62  6:05  Hellbat  
  61  6:12  SCV  
  62  6:21  Supply Depot  
  62  6:22  Supply Depot  
  62  6:25  Starport Reactor  
  62  6:26  Banshee, SCV  
  62  6:27  Hellbat x2  
  70  6:34  Factory Tech Lab  
  70  6:43  Banshee  
  73  6:53  Liberator x2  
  73  7:06  Orbital Command  
  73  7:08  Cyclone, Hellbat x2  
  77  7:10  Banshee  
  89  7:21  Supply Depot  
  89  7:25  SCV  
  89  7:27  Supply Depot  
  89  7:29  Hellbat x2  
  94  7:38  Orbital Command  
  94  7:41  Banshee  
  97  7:44  Cyclone  
  97  8:30  SCV x3  
  97  8:31  Cyclone, Hellbat x2  
  116  8:35  Supply Depot  
  116  8:39  Command Center  
Tags
 
Add a new tag
Caveats
  • Supply blocks, unpowered buildings, or Contaminate may cause inaccurate times.
  • Supply counts are checked every 10 seconds.